 Dungeon Crawl Stone Soup version 0.20-a0-513-g02c11fc (webtiles) character file.

9981 Asddderdsw the Cruncher (level 11, 0/97 HPs)
             Began as a Pale Draconian Wanderer on Jan 22, 2017.
             Hit by a large rock thrown by a cyclops (31 damage)
             ... on level 11 of the Dungeon.
             The game lasted 01:40:03 (9711 turns).

Asddderdsw the Cruncher (Pale Draconian Wanderer)   Turns: 9711, Time: 01:40:03

Health: 0/97       AC:  8    Str: 16    XL:     11   Next: 30%
Magic:  13/19      EV: 17    Int: 14    God:
Gold:   380        SH:  0    Dex: 18    Spells: 3/21 levels left

rFire    . . .     SeeInvis +   x - +3 flail
rCold    . . .     Gourm    .   (armour unavailable)
rNeg     . . .     Faith    .   (no shield)
rPois    +         Spirit   .   (helmet restricted)
rElec    .         Reflect  .   (no cloak)
rCorr    .         Harm     .   (no gloves)
MR       .....     Rnd*Rage +   (no boots)
Stlth    +++.......             M - amulet of regeneration
Regen    0.7/turn               i - ring of the Octopus King {AC+1 EV+1 Str+1 Int+1 Dex+1 SInv}
                                R - +2 ring of dexterity

@: very slightly contaminated
A: breathe steam, unfitting armour, agile 1, berserk 1, poison resistance,
cold-blooded, subdued magic 1, AC +7
a: Breathe Steam


You were on level 11 of the Dungeon.
You were completely stuffed.

You visited 2 branches of the dungeon, and saw 12 of its levels.

You collected 380 gold pieces.

Inventory:

Hand Weapons
 a - a +2 dagger
 d - a +0 quarterstaff
 j - a +1 broad axe of venom
 k - a +0 mace
 q - a +0 hunting sling
 u - a +1 dagger of protection
 x - a +3 flail (weapon)
 z - a +2 shortbow of freezing
 C - a +2 morningstar of holy wrath
 D - a +0 rapier
 G - a +1 flail of crushing
 H - the +5 shortbow of the Iron City of Dis {flame, Dex+6}
   (You found it on level 5 of the Dungeon)

   It causes projectiles fired from it to burn those they strike, causing extra
   injury to most foes and up to half again as much damage against particularly
   susceptible opponents.
   It affects your dexterity (+6).
 I - a +2 vampiric dagger
 J - a +1 short sword of draining
 N - a +0 dire flail
 O - a +0 great mace
 S - a +2 great sword
 V - a +0 scimitar of flaming
Missiles
 e - 268 stones (quivered)
 g - 2 javelins
 s - 280 arrows
 F - 5 throwing nets
Jewellery
 i - a ring of the Octopus King (right hand) {AC+1 EV+1 Str+1 Int+1 Dex+1 SInv}
   (You found it on level 6 of the Dungeon)

   [ring of see invisible]

   It affects your AC (+1).
   It affects your evasion (+1).
   It affects your strength (+1).
   It affects your intelligence (+1).
   It affects your dexterity (+1).
   It lets you see invisible.
 r - an uncursed amulet of rage
 w - an uncursed ring of protection from cold
 M - an amulet of regeneration (around neck)
 Q - an uncursed amulet of magic regeneration
 R - a +2 ring of dexterity (left hand)
Wands
 c - a wand of random effects (48/48)
 E - a wand of flame (34/48)
 P - a wand of confusion (34/48)
 W - a wand of clouds (6/9)
 Y - a wand of confusion (24/48)
Scrolls
 n - 4 scrolls of remove curse
 o - 2 scrolls of teleportation
 y - a scroll of magic mapping
 A - a scroll of recharging
 L - a scroll of blinking {unknown}
 T - a scroll of noise {unknown}
 X - a scroll of fog
Potions
 h - 2 potions of haste
 m - 5 potions of brilliance
 B - a potion of cure mutation
 K - a potion of cancellation
Books
 v - a book of Necromancy

   Spells                             Type                      Level
   a - Pain                           Necromancy                   1
   b - Animate Skeleton               Necromancy                   1
   c - Vampiric Draining              Necromancy                   3
   d - Regeneration                   Charms/Necromancy            3
   e - Animate Dead                   Necromancy                   4
   f - Control Undead                 Necromancy                   4
 U - the Tome of Mutagenic Poisoning
   (You found it on level 10 of the Dungeon)

   Spells                             Type                      Level
   a - Poisonous Vapours              Poison/Air                   2
   b - Sticks to Snakes               Transmutation                2
   c - Mephitic Cloud                 Conjuration/Poison/Air       3
   d - Ignite Poison                  Fire/Transmutation/Poison    3
   e - Olgreb's Toxic Radiance        Poison                       4
   f - Yara's Violent Unravelling     Hexes/Transmutation          5
Comestibles
 b - 3 chunks of flesh
 f - 7 bread rations
 p - 3 meat rations
 t - 6 royal jellies


   Skills:
 + Level 9.0 Fighting
 + Level 3.5 Long Blades
 + Level 1.6(6.8) Maces & Flails
 + Level 10.4(10.5) Staves
 + Level 1.5 Throwing
 + Level 6.1 Dodging
 + Level 3.8 Stealth
 + Level 5.7 Spellcasting
 + Level 0.1 Charms
 + Level 5.5 Necromancy
 + Level 2.2 Air Magic
 + Level 1.7 Poison Magic
 + Level 1.1 Evocations


You had 3 spell levels left.
You knew the following spells:

 Your Spells              Type           Power        Failure   Level  Hunger
a - Pain                  Necr           ###.         1%          1    None
b - Animate Skeleton      Necr           N/A          1%          1    None
c - Vampiric Draining     Necr           ###.......   6%          3    ###....
d - Regeneration          Chrm/Necr      #.........   14%         3    ###....
e - Animate Dead          Necr           N/A          17%         4    ####...
f - Poisonous Vapours     Pois/Air       #.....       12%         2    #......
g - Control Undead        Necr           ###.......   17%         4    ####...


Dungeon Overview and Level Annotations

Branches:
Dungeon (11/15)            Temple (0/1) D:5            Lair (0/6) D:11
    Orc (1/2) D:9

Altars:
Fedhas
Gozag
Nemelex Xobeh
Qazlal
Sif Muna
Xom
The Shining One
Beogh

Shops:
D:7 (   D:10 %

Annotations:
D:2 Sigmund
D:3 Grinder
D:10 exclusion: zombie


Innate Abilities, Weirdness & Mutations

You can breathe blasts of scalding, opaque steam.
Your pale cyan-grey scales are hard. (AC +7)
You cannot fit into any form of body armour.
You are cold-blooded and may be slowed by cold attacks.
You are agile. (Dex +2)
You tend to lose your temper in combat.
Your system is resistant to poisons. (rPois)
Your spells are a little easier to cast, but a little less powerful.


Message History

Confirm with . or Enter, or press ? or * to list all spells.
You attempt to give life to the dead...
Before your eyes, flesh is ripped from the corpse!
The dead are walking!
b - 3 chunks of flesh You swap places.
Found a dagger.
Found 11 gold pieces.
A cyclops comes into view.
The cyclops throws a large rock.
The large rock hits you!!
You see here a large rock.
The cyclops throws a large rock.
The large rock hits you!
* * * LOW HITPOINT WARNING * * *
Things that are here:
a large rock; 11 gold pieces You swap places.
The cyclops throws a large rock.
The large rock hits your hound skeleton!!!
Your hound skeleton is destroyed!
The cyclops throws a large rock.
The large rock hits you!!
You die...

.......# ..C...#
#.....# #.....#
#.(...# #### #(....#
######... #.....#
##........
#....####..##.....
#@..## #..###.....
#.######.## #.....
#.........# #.....
#..####.[.# #.....
.....# #.#..###....
#.#.#.. ............
#..)#..#######+######
..###..# #.# #.. ##.#
#.#


You could see a cyclops.

Vanquished Creatures
  Harold (D:10)
  Erica (D:10)
  A two-headed ogre (D:11)
  Urug (D:10)
  An unseen horror (D:10)
  A troll (D:10)
  A vampire (D:10)
  3 hogs (D:11)
  A wyvern (D:10)
  5 yaks
  5 humans
  A vampire mosquito (D:11)
  Duvessa (D:6)
  Purgy (D:3)
  3 orc warriors
  An ice beast (D:10)
  A black bear (D:10)
  2 phantoms
  A sky beast (D:10)
  6 ogres
  7 centaurs
  5 bullfrogs
  A gnoll sergeant (D:10)
  Dowan (D:6)
  6 scorpions
  2 water moccasin skeletons
  8 killer bees
  9 wights
  2 crimson imps
  5 orc priests
  4 bullfrog skeletons
  6 hounds
  3 iguanas
  Terence (D:3)
  5 orc wizards
  7 worker ants
  A hound skeleton (D:6)
  A worker ant zombie (D:5)
  8 gnolls
  11 adders
  3 shadow imps
  2 oozes
  2 worms (D:2)
  2 dart slugs
  4 leopard geckos
  25 orcs
  5 giant cockroaches
  4 goblins
  11 hobgoblins
  2 jackals (D:5)
  10 kobolds
  4 quokkas
  2 ball pythons
  6 bats
  5 frilled lizards
  A leopard gecko skeleton (D:4)
  2 leopard gecko zombies
  5 rats
226 creatures vanquished.

Vanquished Creatures (collateral kills)
  A scorpion (D:11)
  A killer bee (D:9)
  2 crimson imps
  A jelly (D:11)
  2 hounds
  An orc priest (D:9)
  An orc wizard (D:10)
  A worker ant (D:6)
  An adder (D:9)
  A shadow imp (D:7)
  8 orcs
20 creatures vanquished.

Grand Total: 246 creatures vanquished

Notes
Turn   | Place    | Note
-------+----------+-------------------------------------------
     0 | D:1      | Asddderdsw the Draconian Wanderer began the quest for the Orb.
     0 | D:1      | Asddderdsw set off with: a +2 dagger, a scroll of fear, a potion of lignification, a +0 quarterstaff, a bread ration
     0 | D:1      | Reached XP level 1. HP: 22/22 MP: 1/1
   105 | D:1      | Reached XP level 2. HP: 18/28 MP: 2/2
   592 | D:1      | Reached skill level 5 in Fighting
   728 | D:2      | Reached XP level 3. HP: 32/36 MP: 3/3
  1022 | D:2      | Reached skill level 3 in Staves
  1067 | D:2      | Noticed Sigmund
  1106 | D:3      | Reached XP level 4. HP: 42/42 MP: 4/4
  1236 | D:3      | Noticed Terence
  1244 | D:3      | Killed Terence
  1538 | D:3      | Noticed Grinder
  1542 | D:3      | Paralysed by Grinder for 2 turns
  2226 | D:3      | Noticed Purgy
  2252 | D:3      | Killed Purgy
  2252 | D:3      | Reached skill level 4 in Staves
  2252 | D:3      | Reached XP level 5. HP: 48/48 MP: 5/5
  2481 | D:4      | Noticed an ogre
  2497 | D:4      | Killed an ogre
  2497 | D:4      | Reached XP level 6. HP: 34/56 MP: 6/6
  2601 | D:4      | Reached skill level 5 in Staves
  2749 | D:4      | Your scales start taking on a pale cyan-grey colour.
  2749 | D:4      | Reached XP level 7. HP: 25/62 MP: 7/7
  2975 | D:5      | Entered Level 5 of the Dungeon
  3410 | D:5      | Found a staircase to the Ecumenical Temple.
  3476 | D:5      | Reached skill level 6 in Staves
  3504 | D:5      | Got a crystal shortbow
  3505 | D:5      | Identified the +5 shortbow of the Iron City of Dis {flame, Dex+6} (You found it on level 5 of the Dungeon)
  3775 | D:6      | Noticed Dowan
  3779 | D:6      | Got a ring of the Octopus King
  3780 | D:6      | Identified a ring of the Octopus King {AC+1 EV+1 Str+1 Int+1 Dex+1 SInv} (You found it on level 6 of the Dungeon)
  3785 | D:6      | Noticed Duvessa
  3795 | D:6      | Killed Duvessa
  3796 | D:6      | Killed Dowan
  3796 | D:6      | Reached skill level 7 in Staves
  3839 | D:6      | Learned a level 1 spell: Pain
  3841 | D:6      | Learned a level 1 spell: Animate Skeleton
  3961 | D:6      | Found an opulent altar of Gozag.
  3996 | D:6      | Reached XP level 8. HP: 70/70 MP: 6/8
  4074 | D:6      | Reached skill level 1 in Throwing
  4114 | D:6      | Reached skill level 1 in Necromancy
  4355 | D:6      | Reached skill level 8 in Staves
  4397 | D:6      | Reached skill level 1 in Spellcasting
  4688 | D:7      | Found a glowing golden altar of the Shining One.
  4690 | D:7      | Found a sparkling altar of Nemelex Xobeh.
  4692 | D:7      | Found a stormy altar of Qazlal.
  4869 | D:7      | Found a shimmering altar of Xom.
  4981 | D:7      | Learned a level 3 spell: Vampiric Draining
  5057 | D:7      | Reached XP level 9. HP: 60/78 MP: 11/11
  5499 | D:7      | Found Ixzuasok's Weapon Shoppe.
  5921 | D:7      | Reached skill level 9 in Staves
  6306 | D:8      | Reached skill level 5 in Dodging
  6382 | D:8      | You fall through a shaft!
  6442 | D:9      | Reached skill level 1 in Long Blades
  6576 | D:9      | Learned a level 3 spell: Regeneration
  6581 | D:9      | Learned a level 4 spell: Animate Dead
  6891 | D:9      | Reached XP level 10. HP: 85/88 MP: 11/13
  7011 | D:9      | Found a staircase to the Orcish Mines.
  7279 | D:9      | Found a roughly hewn altar of Beogh.
  7308 | Orc:1    | Entered Level 1 of the Orcish Mines
  7308 | Orc:1    | Noticed an orc knight
  7308 | Orc:1    | Noticed an orc knight
  7343 | D:10     | Entered Level 10 of the Dungeon
  7553 | D:10     | Noticed an unseen horror
  7570 | D:10     | Killed an unseen horror
  7669 | D:10     | Noticed Harold
  7772 | D:10     | Identified the Tome of Mutagenic Poisoning
  7777 | D:10     | Learned a level 2 spell: Poisonous Vapours
  7817 | D:10     | Noticed Urug
  7917 | D:10     | Gained mutation: You are frail. (-10% HP) [potion of mutation]
  7917 | D:10     | Gained mutation: You are clumsy. (Dex -2) [potion of mutation]
  7917 | D:10     | Gained mutation: Your system is resistant to poisons. (rPois) [potion of mutation]
  7951 | D:10     | Lost mutation: You are frail. (-10% HP) [potion of cure mutation]
  7951 | D:10     | Lost mutation: You are clumsy. (Dex -2) [potion of cure mutation]
  8051 | D:10     | Reached skill level 10 in Staves
  8191 | D:10     | Noticed Erica
  8191 | D:10     | Noticed a centaur warrior
  8220 | D:10     | Killed Erica
  8220 | D:10     | Reached skill level 1 in Air Magic
  8644 | D:10     | Found Nostreqo's Food Emporium.
  8659 | D:10     | Killed Urug
  8825 | D:10     | Killed Harold
  8825 | D:10     | Reached skill level 5 in Spellcasting
  8825 | D:10     | Reached skill level 5 in Necromancy
  8825 | D:10     | Reached XP level 11. HP: 32/95 MP: 13/18
  8829 | D:10     | Gained mutation: You tend to lose your temper in combat. [potion of mutation]
  8829 | D:10     | Gained mutation: You are agile. (Dex +2) [potion of mutation]
  8829 | D:10     | Gained mutation: Your spells are a little easier to cast, but a little less powerful. [potion of mutation]
  8938 | D:10     | Reached skill level 1 in Poison Magic
  8963 | D:11     | Noticed a five-headed hydra
  9040 | D:10     | Learned a level 4 spell: Control Undead
  9139 | D:11     | Found a staircase to the Lair.
  9345 | D:11     | Reached skill level 1 in Maces & Flails
  9365 | D:11     | Found a blossoming altar of Fedhas.
  9365 | D:11     | Found a deep blue altar of Sif Muna.
  9365 | D:11     | Noticed a two-headed ogre
  9366 | D:11     | Noticed a catoblepas
  9398 | D:11     | Killed a two-headed ogre
  9421 | D:11     | Noticed a storm dragon
  9450 | D:11     | Noticed a white ugly thing
  9711 | D:11     | Hit by a large rock thrown by a cyclops

Vault maps used:
D:1:      dpeg_arrival_rooms_b, st_stairs_3
D:2:      first_bread, uniq_sigmund
D:3:      marbit_many_paths, uniq_grinder, uniq_purgy, uniq_terence
D:4:      minmay_misc_feat_cross
D:6:      lemuel_doored_altar, uniq_duvessa
D:7:      overflow_temple_1_default, grunt_temple_overflow_open, serial_shops,
          shop, minmay_ruffians
D:8:      kennysheep_mini
D:9:      minmay_orc_entry_temple_small
D:10:     serial_shops, nicolae_shop_window_shopping, uniq_erica, uniq_urug,
          uniq_harold
D:11:     minmay_stone_box, lair_entry_dummy, grunt_livestock,
          grunt_ministairs_7, minmay_door_square, jmf_multi_god_temple,
          uniq_fannar
Orc:1:    nicolae_volcano_entry_s_turn, serial_shops, shop,
          guppyfry_orc_lava_fort

Skill      XL: |  1  2  3  4  5  6  7  8  9 10 11 |
---------------+----------------------------------+-----
Dodging        | 2 3 4 5 6 |  6.1
Fighting       | 5 6 8 9 |  9.0
Staves         | 3 4 5 7 8 9 10 | 10.4
Stealth        | 2 3 |  3.8
Throwing       | 1 |  1.5
Necromancy     | 2 3 5 |  5.5
Spellcasting   | 1 2 5 |  5.7
Long Blades    | 3 |  3.5
Air Magic      | 1 2 |  2.2
Poison Magic   | 1 |  1.7
Maces & Flails | 1 |  1.6
Charms         | |  0.1
Evocations     | |  1.1

Action                   |  1- 3 |  4- 6 |  7- 9 | 10-12 || total
-------------------------+-------+-------+-------+-------++-------
Melee: Quarterstaff      |    99 |   138 |   324 |   228 ||   789
       Tailslap          |     7 |    12 |    49 |    51 ||   119
       Great sword       |       |       |    54 |       ||    54
       Flail             |       |       |       |    48 ||    48
       Morningstar       |       |       |       |    12 ||    12
Throw: Stone             |    17 |     7 |    15 |     1 ||    40
 Cast: Animate Skeleton  |       |       |    13 |    26 ||    39
       Pain              |       |       |     9 |    24 ||    33
       Poisonous Vapours |       |       |       |    23 ||    23
       Vampiric Draining |       |       |       |     8 ||     8
       Animate Dead      |       |       |       |     5 ||     5
       Regeneration      |       |       |       |     1 ||     1
       Control Undead    |       |       |       |     5 ||     5
 Abil: Breathe Steam     |       |       |     6 |     6 ||    12
  Use: Potion            |       |     2 |     4 |    13 ||    19
       Scroll            |       |       |    17 |     2 ||    19
 Stab: Sleeping          |     1 |       |     2 |     5 ||     8
       Distracted        |       |       |       |     1 ||     1
  Eat: Chunk             |     1 |     4 |     9 |    12 ||    26
       Meat ration       |       |       |     1 |     2 ||     3
       Fruit             |       |       |     2 |     2 ||     4
Armor: Skin              |    49 |    75 |    92 |    81 ||   297
Dodge: Dodged            |    72 |    99 |   262 |   286 ||   719
       Rpst.: Great sword |       |       |    18 |       ||    18
